 Dungeon Crawl Stone Soup version 0.25.0-1-g7eea58d (webtiles) character file.

Game seed: 14200888673465204638

58 Illumine the Firebug (level 4, -2/24 HPs)
             Began as a Gargoyle Fire Elementalist on June 23, 2020.
             Slain by a gnoll
             ... wielding a +0 flail
              (3 damage)
             ... on level 3 of the Dungeon.
             The game lasted 00:04:50 (2234 turns).

Illumine the Firebug (Gargoyle Fire Elementalist)   Turns: 2234, Time: 00:04:50

Health: -2/24      AC:  5    Str: 11    XL:     4   Next: 2%
Magic:  8/8        EV:  6    Int: 17    God:
Gold:   79         SH:  0    Dex: 10    Spells: 4/8 levels left

rFire    . . .     SeeInvis .   g - +2 dagger (venom)
rCold    . . .     Gourm    .   (no shield)
rNeg     + . .     Faith    .   a - +0 robe
rPois    ∞         Spirit   .   (no helmet)
rElec    +         Reflect  .   (no cloak)
rCorr    .         Harm     .   (no gloves)
MR       .....                  (no boots)
Stlth    ++........             (no amulet)
HPRegen  0.08/turn              (no ring)
MPRegen  0.11/turn              (no ring)

@: flying, held
A: negative energy resistance 1, electricity resistance, unbreathing,
petrification resistance, rot immunity, AC +3
a: no special abilities


You were on level 3 of the Dungeon.
You were not hungry.

You visited 1 branch of the dungeon, and saw 3 of its levels.

You collected 79 gold pieces.

Inventory:

Hand Weapons
 e - a +0 club
 g - a +2 dagger of venom (weapon)
 j - a +0 mace
Armour
 a - a +0 robe (worn)
Jewellery
 f - an uncursed amulet of magic regeneration {unknown}
Scrolls
 d - a scroll of identify {unknown}
 k - a scroll of teleportation {unknown}
Potions
 b - a potion of brilliance {unknown}
 i - a potion of flight
Comestibles
 c - 2 rations


   Skills:
 - Level 1.7 Dodging
 - Level 2.1 Stealth
 + Level 2.7 Spellcasting
 + Level 2.3 Conjurations
 + Level 3.6 Fire Magic


You had 4 spell levels left.
You knew the following spells:

 Your Spells              Type           Power        Failure   Level  Hunger
a - Foxfire               Conj/Fire      ##..         5%          1    #......
b - Conjure Flame         Conj/Fire      ##......     16%         3    ###....

Your spell library contained the following spells:

 Spells                   Type           Power        Failure   Level  Hunger
 Inner Flame              Hex/Fire       #.......     26%         3    ###....
 Sticky Flame             Conj/Fire      ##......     45%         4    #####..
 Fireball                 Conj/Fire      ##........   82%         5    ######.


Dungeon Overview and Level Annotations

Branches:
Dungeon (3/15)

Altars:

Annotations:
D:2 1 runed translucent door, Crazy Yiuf


Innate Abilities, Weirdness & Mutations

You are resistant to torment.
Your stone body is resilient. (AC +3)
You are immune to poison.
You resist negative energy. (rN+)
You are resistant to electric shocks. (rElec)
You can survive without breathing.
You are immune to petrification.
You are immune to rotting.


Message History

You become entangled in the net!
You stop ascending the stairs.
Unknown command.
Okay, then.
Your +2 dagger of venom begins to drip with poison!
g - a +2 dagger of venom (weapon)
You struggle against the net.
The gnoll barely misses you. The gnoll hits you.
You struggle against the net.
The gnoll hits you. The gnoll completely misses you.
The gnoll hits you with a +2 flail of draining.
You can't do that while held in a net.
It was a potion of flight.
You feel very buoyant.
You fly up into the air.
A rat comes into view.
The gnoll hits you.
* * * LOW HITPOINT WARNING * * *
The gnoll hits you from afar with a +0 spear.
* * * LOW HITPOINT WARNING * * *
The gnoll hits you with a +0 flail.
You die...

###
..#
#.#
#.#
#g#
#@#
#gg#
#g##
.g
...
#...
#...
#..r


You could see 4 gnolls, a goblin and a rat (wandering).

Vanquished Creatures
  2 oozes (D:1)
  A dart slug (D:1)
  A leopard gecko (D:1)
  3 giant cockroaches
  8 hobgoblins
  4 jackals (D:2)
  A quokka (D:2)
  8 bats
  3 frilled lizards
  7 goblins
  2 kobolds
  4 rats
44 creatures vanquished.

Vanquished Creatures (others)
  84 foxfires
84 creatures vanquished.

Grand Total: 128 creatures vanquished

Notes
Turn   | Place    | Note
-------+----------+-------------------------------------------
     0 | D:1      | Illumine the Gargoyle Fire Elementalist began the quest for
                  | the Orb.
     0 | D:1      | Reached XP level 1. HP: 10/10 MP: 3/3
   303 | D:1      | Reached XP level 2. HP: 15/15 MP: 1/5
   721 | D:1      | Reached XP level 3. HP: 19/19 MP: 4/6
   883 | D:1      | Learned a level 3 spell: Conjure Flame
  1955 | D:2      | Reached XP level 4. HP: 20/24 MP: 5/8
  2070 | D:2      | Found a runed translucent door.
  2071 | D:2      | Noticed Crazy Yiuf
  2234 | D:3      | HP: 1/24 [gnoll/+0 spear (4)]
  2234 | D:3      | Slain by a gnoll

Illustrated notes

Levels and vault maps discovered:
D:1:      ncdulo_wetmaze, layout_loops_corners, st_stairs_3
D:2:      minmay_door_path, layout_loops_ring, uniq_crazy_yiuf_cottage
D:3:      layout_loops_cross, amethyst_overflow_temple_binary,
          chequers_ecumenical_altar_grove, item_on_display_a

Skill      XL: |  1  2  3 |
---------------+----------+-----
Conjurations   | 2 |  2.3
Dodging        | |  1.7
Stealth        | |  2.1
Spellcasting   | |  2.7
Fire Magic     | |  3.6

Action                   |  1- 3 |  4- 6 || total
-------------------------+-------+-------++-------
Melee: Unarmed           |     1 |       ||     1
       Club              |     2 |       ||     2
       Dagger            |    14 |       ||    14
       Mace              |     2 |       ||     2
 Cast: Foxfire           |    52 |     1 ||    53
  Use: Potion            |       |     1 ||     1
 Stab: Sleeping          |     1 |       ||     1
  Eat: Chunk             |     4 |     1 ||     5
Armor: Robe              |     9 |       ||     9
Dodge: Dodged            |    34 |     2 ||    36
